 Dungeon Crawl Stone Soup version 0.29-a0-322-g68df515428 (webtiles) character file.

Game seed: 2962128900208798378

7 rabbitsville the Firebug (level 1, 0/14 HPs)
             Began as a Demigod Fire Elementalist on Apr 5, 2022.
             Slain by a rat (2 damage)
             ... on level 1 of the Dungeon.
             The game lasted 00:01:19 (440 turns).

rabbitsville the Firebug (Demigod Fire Elementalist) Turns: 440, Time: 00:01:20

Health: 0/14       AC:  2    Str:  9    XL:     1   Next: 66%
Magic:  1/5        EV: 12    Int: 17    God:
Gold:   13         SH:  0    Dex: 14    Spells: 2/3 levels left

rFire   . . .      SeeInvis .   (no weapon)
rCold   . . .      Faith    .   (no shield)
rNeg    . . .      Spirit   .   a - +0 robe
rPois   .          Reflect  .   (no helmet)
rElec   .          Harm     .   (no cloak)
rCorr   .          Rampage  .   (no gloves)
Will    .....                   (no boots)
Stlth   ++........              (no amulet)
HPRegen 0.04/turn               (no ring)
MPRegen 0.09/turn               (no ring)

@: no status effects
A: high MP 1, forlorn, divine attributes
a: no special abilities


You were on level 1 of the Dungeon.
You visited 1 branch of the dungeon, and saw 1 of its levels.

You collected 13 gold pieces.

Inventory:

Armour
 a - a +0 robe (worn)
Scrolls
 c - a scroll of teleportation {unknown}
 f - a scroll of brand weapon {unknown}
Potions
 b - a potion of magic
 d - a potion of might {unknown}
 e - a potion of curing {unknown}


   Skills:
 - Level 1.7 Dodging
 - Level 1.7 Stealth
 + Level 1.9 Spellcasting
 - Level 0.8 Conjurations
 * Level 3.0 Fire Magic


You had 2 spell levels left.
You knew the following spells:

 Your Spells              Type           Power      Damage    Failure   Level
a - Foxfire               Conj/Fire      32%        2x1d5     9%          1

Your spell library contained the following spells:

 Spells                   Type           Power      Damage    Failure   Level
 Scorch                   Fire           24%        2d6       9%          2
 Conjure Flame            Conj/Fire      8%         6-21      26%         3
 Inner Flame              Hex/Fire       6%         N/A       30%         3
 Flame Wave               Conj/Fire      8%         2d5       65%         4


Dungeon Overview and Level Annotations

Branches:
Dungeon (1/15)


Innate Abilities, Weirdness & Mutations

You have an increased reservoir of magic. (+10% MP)
You shall have no god before yourself.
Your divine heritage dramatically boosts your attributes as you level up.


Message History

Casting: Foxfire (safe; 9% risk of failure)
Press: ? - help, Q - select action Dir - look around, f - activate You conjure some foxfire!
The kobold misses you.
You hit the kobold but do no damage.
The kobold is heavily wounded.
The foxfire hits the kobold.
The kobold is severely wounded.
The kobold hits you with a +0 dagger.
Casting: Foxfire (safe; 9% risk of failure)
Press: ? - help, Q - select action Dir - look around, f - activate You conjure some foxfire!
The kobold barely misses you.
You barely miss the kobold.
The kobold is severely wounded.
The foxfire hits the kobold but does no damage.
The kobold is severely wounded.
The kobold hits you with a +0 dagger.
Casting: Foxfire (safe; 9% risk of failure)
Press: ? - help, Q - select action Dir - look around, f - activate You conjure some foxfire!
The kobold hits you with a +0 dagger.
You closely miss the kobold.
The kobold is severely wounded.
The foxfire hits the kobold.
You kill the kobold!
Your Fire Magic skill increases to level 3!
Casting: Foxfire (safe; 9% risk of failure)
Press: ? - help, Q - select action Dir - look around, f - activate You conjure some foxfire!
The rat misses you.
You barely miss the rat.
The foxfire hits the rat but does no damage.
The rat bites you but does no damage.
You barely miss the rat. The rat bites you.
You closely miss the rat. The rat bites you.
* * * LOW HITPOINT WARNING * * *
The rat barely misses you. The rat attacks as you move away! The rat bites you.
You die...

####.......# #
## #.....###.##
# ...
#.###.###.# #
##.# #.#.......#
#
.....#.....#####
# ...#.###.# ##
...# #.# #.
#.#r###.# #. #
#.@...# #.
####### ##


You could see a rat.

Vanquished Creatures
  2 endoplasms (D:1)
  A kobold (D:1)
  2 bats (D:1)
  A frilled lizard (D:1)
6 creatures vanquished.

Vanquished Creatures (others)
  15 foxfires (D:1)
15 creatures vanquished.

Grand Total: 21 creatures vanquished

Notes
Turn   | Place    | Note
-------+----------+-------------------------------------------
     0 | D:1      | rabbitsville the Demigod Fire Elementalist began the quest
                  | for the Orb.
     0 | D:1      | Reached XP level 1. HP: 14/14 MP: 5/5
   435 | D:1      | Reached skill level 3 in Fire Magic
   440 | D:1      | Slain by a rat

Illustrated notes

Levels and vault maps discovered:
D:1:      dpeg_arrival_rooms_b, layout_loops_corners, serial_bayou_pond_d,
          minmay_misc_feat_chi

Skill      XL: |  1 |
---------------+----+-----
Fire Magic     | 3 |  3.0
Dodging        | |  1.7
Stealth        | |  1.7
Spellcasting   | |  1.9
Conjurations   | |  0.8

Action                   || total
-------------------------++-------
Melee: Unarmed           ||    15
 Cast: Foxfire           ||    10
Armor: Robe              ||     1
Dodge: Dodged            ||    13

Table legend: (Time is in decaauts)
 A = Elapsed time spent in this place.
 B = Non-inter-level travel time spent in this place.
 C = Inter-level travel time spent in this place.
 D = Time resting spent in this place.
 E = Time spent auto-exploring this place.
 F = Levels seen in this place.
 G = Mean time per level.
                   A        B        C        D        E       F      G
               +--------+--------+--------+--------+--------+-----+--------+
         Total |    440 |    440 |      0 |      5 |    301 |   1 |  440.0 |
       Dungeon |    440 |    440 |      0 |      5 |    301 |   1 |  440.0 |
               +--------+--------+--------+--------+--------+-----+--------+

Top non-repeatable levels by time:
     D:1: 440 daAuts
